 Dungeon Crawl Stone Soup version 0.17-a0-1399-gd5b76e1 (webtiles) character file.

182 wotan the Ruffian (level 5, -13/45 HPs)
             Began as a Ghoul Monk on June 18, 2015.
             Mangled by a mummy (17 damage)
             ... in an ossuary.
             The game lasted 00:07:48 (2823 turns).

wotan the Ruffian (Ghoul Monk)                      Turns: 2823, Time: 00:07:48

Health: -13/45     AC:  5    Str: 15    XL:     5   Next: 62%
Magic:  4/4        EV: 11    Int:  5    God:
Gold:   130        SH:  0    Dex: 12    Spells: 0 memorised, 4 levels left

rFire  . . .     SeeInvis .       - Unarmed
rCold  + . .     Clarity  .     h - +0 ring mail (curse)
rNeg   + + +     SustAt   .     (no shield)
rPois  ∞         Gourm    .     (no helmet)
rElec  .         Spirit   .     (no cloak)
rCorr  .         Warding  .     (no gloves)
rMut   .         Stasis   .     (no boots)
MR     .....                    (no amulet)
Stlth  +.........               (no ring)
                                (no ring)

@: rotting, not resistant to hostile enchantments, very unstealthy
A: rotting body, claws 1, carnivore 3, cold resistance 1, negative energy
resistance 3, slow healing 1, torment resistance, unbreathing
a: no special abilities


You were in an ossuary.
You were not hungry.

You visited 1 branch of the dungeon, and saw 4 of its levels.
You also visited: Ossuary.

You collected 130 gold pieces.

Inventory:

Armour
 h - a cursed +0 ring mail (worn)
 i - a +0 ring mail
Magical devices
 c - a wand of enslavement (15)
 k - a wand of slowing (23)
Scrolls
 e - 4 scrolls of remove curse
 g - 3 scrolls of random uselessness
Potions
 a - a potion of degeneration
 d - a potion of invisibility
 m - a potion of poison
 n - a potion of magic {unknown}
Comestibles
 b - a meat ration
 f - a slice of pizza


   Skills:
 - Level 3.3 Fighting
 + Level 2.7 Armour
 - Level 2.6 Dodging
 - Level 2.2 Stealth
 - Level 6.2 Unarmed Combat


You had 4 spell levels left.
You didn't know any spells.

Dungeon Overview and Level Annotations

Branches:
Dungeon (4/15)
 Temple: D:4-7

Altars:
Elyvilon
Nemelex Xobeh
Okawaru
Sif Muna
Vehumet
Xom
The Shining One


Innate Abilities, Weirdness & Mutations

Your body is rotting away.
You thrive on raw meat.
You are immune to poison.
You have sharp fingernails.
You are carnivorous and can eat meat at any time.
Your flesh is cold resistant.
You are immune to negative energy.
You heal slowly when monsters are visible.
You are immune to unholy pain and torment.
You can survive without breathing.


Message History

You scratch the big kobold zombie. The big kobold zombie misses you.
You scratch the big kobold zombie. You barely miss the mummy.
The mummy hits you!
You scratch the mummy.
The mummy is moderately damaged.
The mummy barely misses you.
You barely miss the mummy.
The mummy is moderately damaged.
The mummy barely misses you.
You scratch the mummy.
The mummy is heavily damaged.
The mummy hits you! The mummy closely misses you.
Drink which item? (? for menu, Esc to quit)
You feel better. The mummy hits you!
* * * LOW HITPOINT WARNING * * *
The mummy hits you!
* * * LOW HITPOINT WARNING * * *
Drink which item? (? for menu, Esc to quit)
It was a potion of poison.
You feel slightly nauseous. The mummy hits you!
You die...

#....#
#....#
#....#
#....#
#....#
#....#
#.Z..#
#MMM.#
#.@∩.#
######


You could see 3 mummies and a big kobold zombie.

Vanquished Creatures
  Terence (D:2)
  A big kobold zombie (Ossuary)
  A mummy (Ossuary)
  Robin (D:3)
  5 adders
  A worm (D:2)
  8 bats
  15 goblins
  12 hobgoblins
  2 jackals (D:1)
  9 kobolds
  A quokka (D:3)
  2 ball pythons
  5 giant newts
  A hobgoblin zombie (Ossuary)
  11 rats
76 creatures vanquished.

Notes
Turn   | Place    | Note
--------------------------------------------------------------
     0 | D:1      | wotan the Ghoul Monk began the quest for the Orb.
     0 | D:1      | Reached XP level 1. HP: 19/19 MP: 0/0
   579 | D:1      | Reached XP level 2. HP: 15/24 MP: 1/1
   970 | D:2      | Reached skill level 5 in Unarmed Combat
   998 | D:2      | Reached XP level 3. HP: 27/31 MP: 2/2
  1343 | D:2      | Found a sparkling altar of Nemelex Xobeh.
  1373 | D:2      | Noticed Terence
  1385 | D:2      | Killed Terence
  1385 | D:2      | Reached skill level 6 in Unarmed Combat
  1385 | D:2      | Reached XP level 4. HP: 36/38 MP: 3/3
  1548 | D:2      | Found a shimmering altar of Xom.
  1588 | D:2      | Found a deep blue altar of Sif Muna.
  1729 | D:2      | Found a glowing golden altar of the Shining One.
  1729 | D:2      | Found a white marble altar of Elyvilon.
  1817 | D:3      | Noticed Robin
  1839 | D:3      | Killed Robin
  1839 | D:3      | Reached skill level 1 in Armour
  1863 | D:3      | Reached XP level 5. HP: 13/45 MP: 4/4
  1958 | D:3      | Found a radiant altar of Vehumet.
  2145 | D:3      | Found a white marble altar of Elyvilon.
  2200 | D:3      | Found a faded altar to an unknown god.
  2560 | D:2      | Found an iron altar of Okawaru.
  2736 | D:4      | Found a sand-covered staircase.
  2750 | Ossuary  | Entered an ossuary
  2823 | Ossuary  | Mangled by a mummy

Vault maps used:
D:1:      dpeg_arrival_chambers_temple_mockup
D:2:      lemuel_coloured_pillars_altar, nicolae_overflow_hidden_temple,
          lemuel_crystal_altar, first_bread, uniq_terence
D:3:      lemuel_crystal_altar, ecumenical_altar_1, elyvilon_altar_1, uniq_robin
D:4:      overflow_temple_1_default, nicolae_qazlal_general_emergency,
          nicolae_ossuary_entry_ruins, uniq_grinder, uniq_pikel,
          uniq_crazy_yiuf_cottage
Ossuary:  ossuary_tomb_3

Action                   |  1- 3 |  4- 6 || total
-------------------------+-------+-------++-------
Melee: Unarmed           |    85 |   130 ||   215
  Use: Scroll            |       |     8 ||     8
       Potion            |       |     2 ||     2
 Stab: Sleeping          |     3 |     1 ||     4
  Eat: Chunk             |     7 |     7 ||    14
